 Dungeon Crawl Stone Soup version 0.19-a0-1513-gf6d23ed (webtiles) character file.

22883 shnurlf the Severer (level 13, -1/118 HPs)
             Began as a Hill Orc Monk on Sept 12, 2016.
             Was an Elder of the Shining One.
             Shot with an arrow by a centaur (3 damage)
             ... led by a centaur warrior
             ... on level 14 of the Dungeon.
             The game lasted 00:42:30 (17051 turns).

shnurlf the Severer (Hill Orc Monk)                Turns: 17051, Time: 00:42:31

Health: -1/118     AC: 12    Str: 17    XL:     13   Next: 3%
Magic:  30/30      EV: 12    Int: 12    God:    the Shining One [****..]
Gold:   672        SH:  0    Dex: 15    Spells: 0 memorised, 12 levels left

rFire  + + .     SeeInvis .     Q - +1 halberd of a volcano {chop, Int+2} (curse)
rCold  . . .     Gourm    +     h - +2 ring mail {rF+}
rNeg   + + .     Faith    .     (shield currently unavailable)
rPois  .         Spirit   .     T - +2 hat
rElec  +         Dismiss  .     (no cloak)
rCorr  .         Reflect  .     (no gloves)
MR     .....     Harm     .     R - +0 pair of boots of the Evening Star {*Confuse rElec Regen+ MP+9}
Stlth  +.........               o - amulet of the gourmand
                                C - ring of wizardry
                                i - ring of protection from fire

@: very slightly contaminated, glowing
A: no striking features
a: Divine Shield, Cleansing Flame, Renounce Religion


You were on level 14 of the Dungeon.
You worshipped the Shining One.
The Shining One was greatly pleased with you.
You were completely stuffed.

You visited 2 branches of the dungeon, and saw 16 of its levels.
You also visited: Bailey.

You collected 796 gold pieces.
You spent 124 gold pieces at shops.

Inventory:

Hand Weapons
 p - a +4 broad axe
 H - the +9 rapier of Law {antimagic, Dex+4}
   (You found it on level 7 of the Dungeon)

   It reduces the magical energy of the wielder, and disrupts the spells and
   magical abilities of those hit.
   Natural abilities and divine invocations are not affected.
   It affects your dexterity (+4).
 J - a +0 battleaxe
 M - a +0 dire flail of holy wrath
 Q - the cursed +1 halberd of a volcano (weapon) {chop, Int+2}
   (You found it on level 13 of the Dungeon)

   It inflicts extra damage upon your enemies.
   It affects your intelligence (+2).
   It has a curse placed upon it.
Armour
 d - a +0 leather armour of fire resistance
 h - a +2 ring mail of fire resistance (worn)
 R - the +0 pair of boots of the Evening Star (worn) {*Confuse rElec Regen+ MP+9}
   (You found it on level 12 of the Dungeon)

   It insulates you from electricity.
   It affects your magic capacity (+9).
   It increases your rate of regeneration.
   It may confuse you when you take damage.
 T - a +2 hat (worn)
 W - a +0 buckler
Jewellery
 i - a ring of protection from fire (left hand)
 l - an uncursed amulet of regeneration
 o - an amulet of the gourmand (around neck)
 q - an uncursed amulet of harm
 t - an uncursed amulet of guardian spirit
 u - an uncursed amulet of dismissal {unknown}
 C - a ring of wizardry (right hand)
 P - an uncursed amulet of faith {unknown}
Wands
 s - a wand of flame (25/48)
 w - a wand of digging (12/24)
 x - a wand of hasting (4/9)
 L - a wand of digging (7/24)
 S - a wand of iceblast (5/15)
 X - a wand of lightning (9/15)
Scrolls
 k - 4 scrolls of identify
 m - a scroll of immolation
 z - a scroll of fog
 A - 2 scrolls of recharging
 E - 2 scrolls of teleportation
 N - 2 scrolls of enchant armour
 V - a scroll of enchant weapon
Potions
 a - a potion of invisibility {unknown}
 b - 2 potions of resistance
 e - a potion of ambrosia {unknown}
 g - 2 potions of haste
 n - a potion of curing
 F - a potion of flight
 G - 2 potions of agility
 I - a potion of cancellation {unknown}
 K - 2 potions of cure mutation
Books
 y - a book of Ice

   Spells                             Type                      Level
   a - Ice Form                       Ice/Transmutation            4
   b - Metabolic Englaciation         Hexes/Ice                    5
   c - Ozocubu's Refrigeration        Ice                          6
   d - Bolt of Cold                   Conjuration/Ice              6
   e - Freezing Cloud                 Conjuration/Ice/Air          6
   f - Simulacrum                     Ice/Necromancy               6
Comestibles
 c - 9 bread rations
 f - 7 meat rations
 r - 22 fruits
 B - 10 slices of pizza
 D - a beef jerky


   Skills:
 + Level 12.2 Fighting
 * Level 17.1 Axes
 + Level 10.7 Armour
 - Level 2.4 Dodging
 - Level 1.5 Stealth
 + Level 11.1 Invocations


You had 12 spell levels left.
You didn't know any spells.

Dungeon Overview and Level Annotations

Branches:
Dungeon (15/15)            Temple (1/1) D:4            Lair (0/6) D:10
    Orc (0/2) D:11         Depths (0/5) D:15
 Vaults: D:13-14

Altars:
Ashenzari
Cheibriados
Dithmenos
Elyvilon
Fedhas
Hepliaklqana
Kikubaaqudgha
Makhleb
Nemelex Xobeh
Okawaru
Qazlal
Ru
Sif Muna
Trog
Uskayaw
Vehumet
Xom
Yredelemnul
Zin
The Shining One

Shops:
D:4 (

Annotations:
D:7 exclusion: downstairs
D:12 exclusion: downstairs


Message History

* * * LOW HITPOINT WARNING * * *
The centaur shoots an arrow.
The arrow hits you.
* * * LOW HITPOINT WARNING * * *
The very large slime creature hits you!!!
The Shining One protects you from harm!
You hear a shout!
Your surroundings suddenly seem different.
A centaur comes into view.
The centaur shouts!
A worker ant comes into view.
The worker ant twitches its antennae in your direction.
An ogre comes into view. It is wielding a giant club.
The ogre shouts!
The centaur wields a shortbow.
The centaur shoots an arrow.
The arrow hits you.
* * * LOW HITPOINT WARNING * * *
The centaur wields a shortbow.
The centaur shoots an arrow.
The arrow hits you!
* * * LOW HITPOINT WARNING * * *
The ogre hits you but does no damage.
The centaur shoots an arrow.
The arrow hits you.
You die...

...c.c'c..............
.......##..(.#######...
..... #....# ..(.. ...#
#....# .....
.c.c######### ..... #
.........# .....
#........# .)...
#O.....c.# ..###
#.@......# #......c.#
#........# #........#
#......... #a..$...§#
#.....§§§# #.....§§§§


You could see an ogre, 3 centaurs and a worker ant.

Vanquished Creatures
  A fire giant (D:15)
  2 hydras
  A catoblepas (D:15)
  Pikel (D:5)
  4 hill giants
  A deep elf mage (D:15)
  A cyclops (D:12)
  A griffon (D:15)
  A gargoyle (D:15)
  The ghost of Charly the Twirler, a novice GrGl of Ru (D:7)
  2 komodo dragons
  A redback zombie (D:15)
  2 tengu conjurers (D:15)
  2 two-headed ogres
  2 trolls
  A meliai zombie (D:15)
  2 dream sheep (D:13)
  Sigmund (D:5)
  Eustachio (D:4)
  2 hungry ghosts
  37 yaks
  3 hippogriffs
  A basilisk (D:11)
  A steam dragon (D:7)
  2 hell hounds (D:10)
  5 orc warriors
  An eye of draining (D:11)
  2 sky beasts
  2 black bears (D:10)
  An ice beast (D:8)
  2 phantoms
  3 slaves (D:5)
  19 centaurs
  An ogre (D:4)
  A crocodile (D:12)
  4 big kobolds
  A gnoll sergeant (D:9)
  6 giant frogs
  2 scorpions (D:5)
  2 killer bees
  4 wights (D:7)
  4 howler monkeys
  8 crimson imps
  2 quasits
  A centaur zombie (D:12)
  4 hounds
  2 jellies
  A gnoll shaman (D:4)
  3 orc wizards
  3 giant frog skeletons
  Jessica (D:3)
  4 centaur skeletons
  2 iguanas (D:10)
  9 worker ants
  2 hound zombies
  A hound skeleton (D:7)
  Robin (D:4)
  4 worker ant zombies
  15 gnolls
  11 adders
  2 river rats (D:3)
  2 shadow imps
  An ooze (D:4)
  An adder zombie (D:5)
  A worm (D:1)
  A dart slug (D:1)
  5 giant geckos
  39 orcs
  2 ball pythons
  7 bats
  7 giant cockroaches
  15 goblins
  10 hobgoblins
  7 jackals
  5 quokkas
  A giant gecko skeleton (D:4)
  8 giant newts
  19 kobolds
  9 rats
350 creatures vanquished.

Vanquished Creatures (others)
  A quokka (D:8)
1 creature vanquished.

Grand Total: 351 creatures vanquished

Notes
Turn   | Place    | Note
-------+----------+-------------------------------------------
     0 | D:1      | shnurlf the Hill Orc Monk began the quest for the Orb.
     0 | D:1      | Reached XP level 1. HP: 19/19 MP: 1/1
   182 | D:1      | Reached XP level 2. HP: 27/27 MP: 2/2
   534 | D:2      | Reached XP level 3. HP: 33/33 MP: 3/3
   551 | D:2      | Reached skill level 1 in Armour
  1367 | D:2      | Reached skill level 5 in Axes
  1816 | D:2      | Reached XP level 4. HP: 34/40 MP: 4/4
  2012 | D:4      | Found Momofiq's Antique Weapon Emporium.
  2348 | D:3      | Reached skill level 6 in Axes
  2356 | D:3      | Reached XP level 5. HP: 47/47 MP: 5/5
  2359 | D:3      | Found a glowing drain.
  2572 | D:3      | Noticed Jessica
  2589 | D:3      | Killed Jessica
  2696 | D:3      | Found an iron altar of Okawaru.
  3040 | D:4      | Bought a runed broad axe for 124 gold pieces
  3070 | D:4      | Reached XP level 6. HP: 18/55 MP: 6/6
  3415 | D:3      | Reached skill level 7 in Axes
  3432 | D:4      | Reached skill level 5 in Fighting
  3539 | D:4      | Noticed Eustachio
  3615 | D:4      | Killed Eustachio
  3615 | D:4      | Reached skill level 8 in Axes
  3615 | D:4      | Reached XP level 7. HP: 34/61 MP: 7/7
  4132 | D:4      | Noticed Robin
  4145 | D:4      | Killed Robin
  4489 | D:4      | Reached skill level 9 in Axes
  4623 | D:5      | Entered Level 5 of the Dungeon
  4705 | D:5      | Reached XP level 8. HP: 62/70 MP: 8/8
  5133 | D:4      | Found a staircase to the Ecumenical Temple.
  5141 | Temple   | Entered the Ecumenical Temple
  5253 | Temple   | Became a worshipper of the Shining One
  5253 | Temple   | Reached * piety under the Shining One
  5253 | Temple   | Reached ** piety under the Shining One
  5341 | D:4      | Found a radiant altar of Vehumet.
  5384 | D:5      | Noticed Sigmund
  5491 | D:5      | Killed Sigmund
  5491 | D:5      | Reached skill level 10 in Axes
  5491 | D:5      | Reached skill level 5 in Armour
  5561 | D:5      | Found a glowing silver altar of Zin.
  5705 | D:5      | Noticed Pikel
  5732 | D:5      | Killed Pikel
  5732 | D:5      | Reached XP level 9. HP: 71/79 MP: 6/11
  5799 | D:5      | Reached skill level 11 in Axes
  6214 | D:7      | Noticed Charly's ghost (novice GrGl)
  6238 | D:7      | Killed Charly's ghost
  6448 | D:7      | Found a flagged portal.
  6509 | Bailey   | Entered a bailey
  7402 | D:7      | Got a crude rapier
  7403 | D:7      | Identified the +9 rapier of Law {antimagic, Dex+4} (You found it on level 7 of the Dungeon)
  7436 | D:7      | Reached skill level 12 in Axes
  7448 | D:8      | Noticed a two-headed ogre
  7455 | D:7      | Reached skill level 5 in Invocations
  7607 | D:8      | Killed a two-headed ogre
  7905 | D:9      | Reached *** piety under the Shining One
  7918 | D:8      | Found a white marble altar of Elyvilon.
  7966 | D:8      | Reached XP level 10. HP: 90/90 MP: 14/14
  8112 | D:8      | Found a deep blue altar of Sif Muna.
  8283 | D:10     | Entered Level 10 of the Dungeon
  8550 | D:10     | Found a staircase to the Lair.
  9036 | D:8      | Reached skill level 13 in Axes
 10666 | D:10     | Noticed a hill giant
 10675 | D:10     | Killed a hill giant
 11006 | D:11     | Found a staircase to the Orcish Mines.
 11225 | D:11     | Reached XP level 11. HP: 50/99 MP: 16/16
 11493 | D:10     | Reached skill level 10 in Fighting
 11493 | D:10     | Reached skill level 14 in Axes
 12144 | D:11     | Reached **** piety under the Shining One
 12300 | D:12     | Noticed a hill giant
 12308 | D:12     | Killed a hill giant
 12607 | D:11     | Noticed a hill giant
 12627 | D:10     | Killed a hill giant
 13302 | D:11     | Reached skill level 15 in Axes
 13883 | D:12     | Got a pair of steaming boots
 13889 | D:12     | Identified the +0 pair of boots of the Evening Star {*Confuse rElec Regen+ MP+9} (You found it on level 12 of the Dungeon)
 13987 | D:12     | Noticed a hill giant
 14009 | D:12     | Killed a hill giant
 14009 | D:12     | Reached XP level 12. HP: 19/110 MP: 19/19
 14323 | D:12     | Noticed a five-headed hydra
 14481 | D:12     | Killed a five-headed hydra
 14676 | D:13     | Noticed a centaur warrior
 14779 | D:13     | Noticed a tengu warrior
 15001 | D:12     | Reached skill level 10 in Invocations
 15003 | D:12     | Reached skill level 16 in Axes
 15367 | D:13     | Reached skill level 10 in Armour
 15539 | D:13     | Noticed a three-headed hydra
 15556 | D:13     | Killed a three-headed hydra
 15561 | D:13     | Got a brightly glowing halberd
 15562 | D:13     | Identified the cursed +1 halberd of a volcano {chop, Int+2} (You found it on level 13 of the Dungeon)
 15807 | D:13     | Noticed a vault guard
 15924 | D:15     | Entered Level 15 of the Dungeon
 16191 | D:15     | Found a staircase to the Depths.
 16192 | D:15     | Noticed a fire giant
 16226 | D:15     | Killed a fire giant
 16682 | D:15     | Noticed a catoblepas
 16696 | D:15     | Killed a catoblepas
 16720 | D:15     | Reached skill level 17 in Axes
 16783 | D:15     | Reached XP level 13. HP: 47/118 MP: 21/21
 17050 | D:14     | The Shining One protects you from harm!
 17051 | D:14     | HP: 2/118 [centaur/arrow[a centaur warrior] (7)]
 17051 | D:14     | Shot with an arrow by a centaur

Vault maps used:
D:1:      lemuel_arrival_river_ford
D:3:      lemuel_crystal_altar, portal_sewer_entry_b, first_bread, uniq_jessica
D:4:      serial_shops, shop, vehumet_altar_wand_db, uniq_robin, uniq_eustachio
D:5:      zin_scriptorium, uniq_pikel, uniq_sigmund
D:6:      basic_altar, minmay_fountain_box
D:7:      enter_bailey_3, uniq_joseph
D:8:      kennysheep_little_box, tgw_sif, elyvilon_altar_4
D:10:     minmay_lair_entry_lava
D:11:     david_orc_2, serial_glass, glass_columns_a, glass_columns_c,
          glass_columns_a, glass_columns_a, glass_columns_c, glass_columns_a
D:13:     david_vaults_5, enter_trove_5, hangedman_ranch, minivault_12
D:14:     minmay_distorted_concentric_squares, spider_trap,
          grunt_dithmenos_smoke
D:15:     grunt_enter_depths_giant_problem, st_stairs_1,
          minmay_tree_intersection, uniq_louise
Temple:   regret_index_temple_sphere_string
Bailey:   bailey_polearm_flooded_kennysheep, bailey

Skill      XL: |  1  2  3  4  5  6  7  8  9 10 11 12 |
---------------+-------------------------------------+-----
Fighting       | 4 5 6 7 8 9 11 12 | 12.2
Armour         | 1 2 3 4 5 6 8 9 10 | 10.7
Axes           | 5 6 8 9 10 12 13 15 17 | 17.1
Invocations    | 2 5 7 9 11 | 11.1
Dodging        | |  2.4
Stealth        | |  1.5

Action                   |  1- 3 |  4- 6 |  7- 9 | 10-12 | 13-15 || total
-------------------------+-------+-------+-------+-------+-------++-------
Melee: Hand axe          |   133 |   124 |       |       |       ||   257
       Broad axe         |       |    38 |   266 |   502 |       ||   806
       Halberd           |       |       |       |   136 |    18 ||   154
       Dire flail        |       |       |       |    25 |       ||    25
Invok: Divine Shield     |       |       |     3 |    10 |       ||    13
Evoke: Wand              |       |       |     1 |       |       ||     1
  Use: Scroll            |     4 |     7 |     4 |    11 |     2 ||    28
       Potion            |       |     1 |     1 |     5 |     1 ||     8
 Stab: Distracted        |       |       |     2 |       |       ||     2
  Eat: Chunk             |     3 |    10 |    22 |    44 |     1 ||    80
Armor: Robe              |     1 |       |       |       |       ||     1
       Ring mail         |    41 |    44 |   100 |   265 |    13 ||   463
Dodge: Dodged            |    84 |    99 |   161 |   370 |    16 ||   730
Block: Other             |       |       |     4 |    39 |       ||    43
